Map: King's Cove LE

Players

Ziggy

  • Race: Terran Terran
  • Spawn Location: 11:00

Bly - Winner!

  • Race: Zerg Zerg
  • Spawn Location: 5:00

Event: 2019 WCS Summer

VOD

Have the link to the VOD?

Description

Time

  • Played on: July 12, 2019, 11:21 a.m.
  • Length: 21:23

All games in this series

Show
View Real Time Build Order
Export as new Build Order

Ziggy Terran 

Build Orders:  

Get SALT Encoding   

  12  0:00  SCV  
  13  0:12  SCV  
  14  0:18  Supply Depot  
  14  0:24  SCV  
  15  0:39  SCV  
  15  0:42  Barracks  
  16  0:44  Refinery  
  16  0:51  SCV  
  17  1:00  Barracks  
  17  1:04  SCV  
  18  1:16  SCV  
  19  1:29  Orbital Command, Reaper  
  20  1:37  Barracks  
  20  1:43  Refinery  
  20  1:48  Reaper  
  21  1:55  Supply Depot  
  21  1:59  SCV  
  22  2:05  Reaper  
  23  2:16  SCV  
  23  2:20  Reaper  
  25  2:25  Reaper  
  27  2:37  Reaper  
  27  2:41  Command Center  
  27  2:52  Reaper, Supply Depot  
  27  2:56  SCV  
  27  2:57  Reaper  
  30  3:08  SCV  
  31  3:13  Reaper  
  32  3:24  SCV, Reaper  
  34  3:29  Reaper  
  36  3:41  SCV  
  36  3:46  Reaper  
  37  3:56  Reaper  
  37  3:58  Orbital Command  
  37  3:59  SCV  
  37  4:01  Reaper  
  39  4:11  Command Center  
  39  4:12  SCV  
  40  4:24  SCV  
  40  4:25  SCV  
  40  4:29  Factory  
  42  4:36  SCV  
  42  4:37  Refinery, SCV  
  44  4:45  Marine x3  
  40  4:49  SCV x2  
  41  5:01  SCV x2  
  41  5:04  Factory  
  41  5:06  Factory  
  42  5:13  Factory Tech Lab, SCV x2  
  44  5:16  Armory  
  44  5:20  Refinery, Armory  
  44  5:24  Orbital Command  
  44  5:25  SCV x2  
  46  5:31  Supply Depot  
  46  5:33  Supply Depot  
  48  5:36  Hellion  
  48  5:38  Infernal Pre-Igniter  
  48  5:42  SCV  
  49  5:43  SCV  
  49  5:49  Factory Tech Lab  
  50  5:50  Factory Reactor  
  50  5:52  SCV  
  50  5:54  SCV  
  54  5:57  Hellion  
  54  5:59  SCV  
  54  6:03  Terran Vehicle Weapons Level 1  
  56  6:04  SCV  
  56  6:07  Terran Vehicle And Ship Armor Level 1  
  56  6:08  SCV  
  56  6:11  SCV, Hellion  
  60  6:16  Orbital Command  
  62  6:18  Hellion  
  62  6:26  SCV x2  
  62  6:27  Hellion x2  
  68  6:36  Refinery  
  68  6:37  Hellion  
  68  6:38  SCV  
  68  6:39  Refinery  
  73  6:40  Hellion  
  73  6:44  SCV x2  
  72  6:49  Hellion x2  
  72  6:52  SCV  
  77  7:01  SCV x2, Factory  
  79  7:02  Factory  
  79  7:03  Factory x2  
  79  7:10  SCV  
  79  7:13  SCV  
  79  7:15  SCV  
  82  7:16  Supply Depot  
  82  7:17  Supply Depot  
  82  7:19  Mag-Field Accelerator  
  82  7:22  SCV  
  82  7:29  Hellion  
  85  7:38  Hellion, SCV x2, Cyclone  
  85  7:39  Cyclone  
  85  7:41  Supply Depot  
  85  7:42  Supply Depot  
  95  7:44  SCV  
  95  7:48  Factory Tech Lab x2  
  95  7:50  SCV  
  97  7:52  Factory Tech Lab x2  
  97  7:57  Hellion  
  99  7:59  Hellion  
  99  8:03  Terran Vehicle Weapons Level 2  
  99  8:04  Terran Vehicle And Ship Armor Level 2  
  101  8:10  Cyclone  
  100  8:13  Cyclone x2  
  100  8:18  Engineering Bay  
  100  8:19  SCV x3  
  109  8:25  Cyclone  
  112  8:31  SCV x3  
  112  8:34  Supply Depot  
  115  8:35  Supply Depot  
  115  8:38  Cyclone  
  116  8:51  Supply Depot  
  125  8:55  Siege Tank, Cyclone x2  
  125  8:56  Siege Tank  
  125  8:57  Hellion x2  
  125  8:58  Supply Depot  
  125  9:00  Supply Depot  
  132  9:04  Siege Tank  
  125  9:21  SCV x3  
  125  9:23  Command Center  
  128  9:27  Siege Tank x3  
  128  9:30  Siege Tank  
  140  9:32  Siege Tank  
  140  9:33  SCV  
  140  9:36  Siege Tank  
  136  9:46  Hellion x2  
  136  9:56  SCV  
  136  9:57  SCV  
  136  9:59  Siege Tank x2, Thor  
  143  10:03  Hellion  
  143  10:04  Hellion  
  150  10:07  Hellion x2  
  133  10:15  Hellion  
  133  10:18  Command Center  
  129  10:25  Hellion  
  131  10:29  Hellion  
  131  10:30  Cyclone  
  131  10:32  Cyclone x2  
  131  10:33  Supply Depot x2  
  142  10:36  Supply Depot  
  142  10:40  Cyclone  
  145  10:45  SCV  
  145  10:46  SCV x2  
  148  10:54  Cyclone  
  151  10:59  Hellion  
  151  11:00  Hellion  
  151  11:02  Cyclone  
  151  11:04  Cyclone x2  
  154  11:12  Cyclone  
  154  11:15  Hellion  
  140  11:21  Hellion x2  
  132  11:27  Cyclone  
  129  11:34  Cyclone  
  129  11:36  Hellion, Cyclone  
  129  11:37  Hellion  
  139  11:42  Hellion x2  
  139  11:43  Refinery  
  139  11:44  Cyclone  
  139  11:45  Refinery  
  142  11:57  SCV x2, Cyclone  
  142  11:58  Hellion  
  142  11:59  Siege Tank  
  136  12:04  Hellion x2  
  136  12:05  SCV  
  136  12:06  Siege Tank  
  136  12:08  Siege Tank  
  134  12:16  Hellion  
  134  12:20  Hellion  
  134  12:21  Planetary Fortress  
  138  12:24  SCV x2  
  138  12:25  Hellion x2  
  138  12:29  Siege Tank  
  147  12:31  Siege Tank  
  150  12:38  Thor, Cyclone  
  150  12:40  Hellion  
  150  12:41  Hellion  
  163  12:46  Terran Vehicle Weapons Level 3, Hellion  
  163  12:47  Hellion  
  167  13:01  Cyclone x2  
  167  13:02  Hellion  
  167  13:03  Hellion  
  160  13:10  Siege Tank  
  147  13:19  Hellion  
  151  13:20  Hellion  
  151  13:21  Siege Tank  
  151  13:24  Cyclone  
  157  13:33  Starport x2, Cyclone  
  160  13:34  SCV  
  160  13:35  SCV  
  160  13:41  Hellion x2  
  166  13:45  Siege Tank x2  
  174  13:48  Hellion  
  174  13:51  Terran Vehicle And Ship Armor Level 3  
  174  13:54  Hellion  
  176  13:56  Missile Turret  
  176  13:57  Command Center  
  174  14:11  Starport Tech Lab x2, Cyclone x2  
  174  14:14  Hellion x2  
  174  14:15  Factory Tech Lab  
  184  14:27  Cyclone x2  
  182  14:34  Banshee x2  
  182  14:35  Cloaking Field  
  182  14:36  Hyperflight Rotors  
  188  14:52  Supply Depot  
  188  14:54  Cyclone x2  
  194  15:02  Missile Turret  
  194  15:04  Missile Turret  
  194  15:08  Cyclone x2  
  194  15:09  Command Center  
  198  15:24  Cyclone  
  197  15:40  Cyclone  
  185  15:50  Viking x2  
  185  15:55  Thor  
  185  15:56  Thor x3  
  192  16:20  Viking x2  
  189  16:39  Refinery  
  186  16:41  Cyclone x2, Hellion x2  
  186  16:42  Starport  
  186  16:43  Starport  
  186  16:45  Refinery x2  
  196  16:48  Planetary Fortress  
  196  16:50  Viking x2  
  196  16:53  Missile Turret x2  
  200  17:13  Starport x2  
  200  17:14  Sensor Tower  
  200  17:20  Starport Reactor  
  200  17:21  Starport Reactor  
  200  17:24  Terran Ship Weapons Level 1  
  200  17:40  Command Center  
  200  17:41  Command Center  
  200  17:43  Sensor Tower  
  200  17:47  Planetary Fortress  
  200  17:49  Missile Turret  
  200  17:50  Missile Turret x2  
  200  17:54  Starport Tech Lab x2  
  200  17:58  Fusion Core  
  200  18:03  Missile Turret x2  
  200  18:04  Missile Turret x2  
  200  18:08  Missile Turret  
  200  18:10  Missile Turret x2  
  197  18:14  Viking x2  
  197  18:15  Viking  
  193  18:24  Viking x5  
  189  18:44  Viking x2  
  185  18:51  Thor x2  
  191  19:03  Thor  
  193  19:15  Thor  
  198  19:23  Orbital Command  
  198  19:24  Orbital Command  
  198  19:25  Weapon Refit  
  198  19:37  Missile Turret  
  192  19:54  Viking x2  
  182  20:15  Viking x4  
  182  20:16  Viking  
  173  20:24  Thor x4  
  173  20:25  Cyclone  
  145  20:30  Viking  
  133  20:41  Viking x2  
  134  20:50  Viking  
  134  20:56  Hellion x2  
Show
View Real Time Build Order
Export as new Build Order

Bly Zerg - Winner!

Build Orders: Hatch First 

Get SALT Encoding   

  12  0:02  Drone  
  13  0:13  Overlord  
  13  0:23  Drone  
  14  0:32  Drone x2  
  16  0:50  Hatchery  
  16  0:53  Drone  
  16  0:56  Drone  
  17  0:59  Drone  
  18  1:10  Extractor  
  17  1:15  Extractor  
  17  1:16  Spawning Pool  
  16  1:19  Drone  
  16  1:23  Drone  
  18  1:28  Drone  
  19  1:41  Drone  
  20  1:50  Overlord  
  20  2:03  Queen x2  
  20  2:04  Zergling x4  
  26  2:13  Drone x2  
  28  2:16  Metabolic Boost  
  28  2:23  Zergling x2  
  28  2:24  Zergling x2  
  30  2:37  Overlord  
  30  2:39  Queen  
  30  2:43  Queen  
  34  2:47  Overlord  
  34  2:55  Zergling x6  
  37  3:02  Zergling x2  
  38  3:12  Zergling x4  
  39  3:25  Overlord  
  39  3:29  Drone x4  
  39  3:30  Queen  
  45  3:35  Overlord  
  45  3:49  Drone x5  
  47  4:03  Zergling x12  
  53  4:22  Drone x2  
  55  4:26  Hatchery  
  54  4:32  Drone  
  54  4:33  Drone x7  
  62  4:44  Drone x2  
  63  4:48  Evolution Chamber x2  
  60  4:58  Drone x3, Hatchery  
  60  5:01  Drone x4  
  60  5:02  Drone x2  
  66  5:09  Drone  
  67  5:15  Drone  
  67  5:18  Zerg Ground Armor Level 1, Overlord  
  68  5:29  Extractor x2  
  66  5:40  Drone x8, Zerg Melee Weapons Level 1  
  74  5:46  Hatchery  
  73  6:02  Drone x3  
  73  6:03  Lair, Extractor, Overlord  
  75  6:05  Overlord x2  
  75  6:14  Overlord  
  75  6:25  Drone x3  
  78  6:27  Baneling Nest  
  78  6:28  Hatchery  
  78  6:29  Zergling x12  
  78  6:52  Roach Warren  
  74  6:58  Extractor  
  74  6:59  Drone x16  
  89  7:04  Overseer  
  89  7:14  Centrifical Hooks, Extractor  
  88  7:18  Baneling x8  
  88  7:22  Zergling x14  
  95  7:28  Zerg Missile Weapons Level 1, Overlord  
  95  7:32  Infestation Pit  
  94  7:37  Glial Reconstitution  
  94  7:46  Roach  
  94  7:47  Roach x10  
  106  8:16  Roach x11  
  106  8:17  Overlord x3  
  124  8:21  Drone  
  125  8:31  Overlord  
  125  8:35  Extractor  
  125  8:39  Extractor  
  123  8:45  Zergling x34  
  140  8:55  Infestor  
  140  8:56  Infestor x4  
  150  9:09  Zergling x18  
  149  9:27  Baneling x2  
  149  9:28  Baneling  
  149  9:30  Baneling x9  
  149  9:32  Zergling x18  
  149  9:33  Overlord x2  
  152  9:46  Baneling x20  
  152  9:49  Drone x3  
  152  9:50  Drone x3  
  150  9:54  Zergling x12  
  150  9:59  Hatchery  
  152  10:06  Spire  
  113  10:15  Zergling x26  
  109  10:23  Hive  
  109  10:25  Roach x3  
  115  10:33  Baneling  
  115  10:34  Baneling x3  
  115  10:36  Zerg Missile Weapons Level 2  
  115  10:37  Zerg Melee Weapons Level 2  
  115  10:47  Baneling x7  
  115  10:48  Baneling  
  115  10:53  Ravager x3  
  118  11:09  Zergling x40  
  118  11:10  Zergling x8  
  125  11:21  Roach x7  
  125  11:22  Swarm Host  
  125  11:25  Zergling x2  
  123  11:35  Infestor x5  
  115  12:09  Roach x19  
  137  12:23  Greater Spire  
  137  12:33  Ravager x7  
  137  12:34  Ravager x5  
  137  12:35  Zergling x12  
  137  12:36  Zergling x16  
  160  12:47  Overlord  
  160  12:48  Zergling x14, Overlord  
  153  13:11  Overlord  
  150  13:16  Drone x10  
  150  13:19  Viper x2  
  166  13:33  Baneling x9  
  166  13:36  Corruptor x5  
  166  13:38  Extractor  
  175  13:42  Extractor  
  174  13:58  Spine Crawler  
  155  14:14  Spore Crawler  
  147  14:32  Infestor x3  
  147  14:33  Zerg Missile Weapons Level 3  
  147  14:34  Zerg Melee Weapons Level 3  
  147  14:35  Brood Lord x5  
  163  14:42  Zergling x8  
  163  14:43  Zergling x22  
  178  14:52  Zerg Flyer Weapons Level 1  
  178  14:55  Corruptor x2  
  182  15:06  Baneling x4, Hatchery  
  169  15:25  Brood Lord x2  
  166  15:44  Zergling x20  
  166  15:45  Zergling x16  
  176  15:54  Baneling x5  
  176  15:55  Baneling x5  
  166  16:01  Corruptor x5  
  166  16:02  Corruptor  
  178  16:14  Corruptor x4  
  178  16:17  Infestor x2  
  190  16:19  Ravager x2  
  176  16:46  Zerg Flyer Armor Level 1  
  176  16:47  Brood Lord  
  176  16:48  Brood Lord x5  
  188  16:55  Overseer  
  188  17:01  Adrenal Glands  
  173  17:38  Spore Crawler  
  173  17:39  Spore Crawler x2  
  173  17:40  Spore Crawler x2  
  173  17:41  Spore Crawler  
  167  17:48  Overseer x2  
  167  17:54  Neural Parasite  
  167  17:57  Zerg Ground Armor Level 2  
  167  18:04  Overseer x4  
  167  18:06  Spore Crawler  
  167  18:08  Spore Crawler x2  
  152  18:28  Overlord  
  152  18:29  Corruptor x12  
  172  18:40  Zerg Flyer Weapons Level 2  
  169  18:51  Brood Lord x4  
  172  19:13  Pathogen Glands  
  172  19:19  Brood Lord x6  
  172  19:24  Hatchery  
  183  19:28  Overseer  
  181  20:09  Corruptor  
  181  20:10  Corruptor x8  
  181  20:26  Corruptor x4  
  173  20:43  Drone  
  173  20:44  Drone x7  
Tags
 
Add a new tag
Caveats
  • Supply blocks, unpowered buildings, or Contaminate may cause inaccurate times.
  • Supply counts are checked every 10 seconds.